[ PARTIDA AOE2 · #462368445 ]
UnrankedIndostaníes vs Ethiopians
Equipo del jugador · VICT
Equipo rival · DERR
[ ANÁLISIS DE REPETICIÓN · EXTRAÍDO DE LA PARTIDA GRABADA ]
Feudal
8:30
Castillos
19:28
Imperial
41:37
| APM promedio | 72.2 |
| APM pico | 110 |
| eAPM promedio | 26.2 |
| Aldeanos / militares | 149 / 191 |
Foco
⚔️ 29.3% · 🌾 70.7%
Ghulam ×76 · Skirmisher ×57 · Archer ×39 · Mangonel ×8 · Trebuchet (Packed) ×6 · Bombard Cannon ×5
Feudal
9:22
Castillos
21:05
Imperial
40:20
| APM promedio | 58.6 |
| APM pico | 122 |
| eAPM promedio | 29.5 |
| Aldeanos / militares | 198 / 172 |
Foco
⚔️ 40.9% · 🌾 59.1%
Archer ×117 · Shotel Warrior ×28 · Skirmisher ×10 · Mangonel ×4 · Monk ×3 · Spearman ×3
Mapa de la partida
Recursos iniciales + cada clic de construcción. Líneas = muros · curvas = relieve. ◆ oro · ⬟ piedra · ● bayas · ✦ reliquia · ◌ hueco del cierre
Tu base
Base de MattyP
Terreno inicial suavizado · ◌ = hueco del cierre detectado · pasá el cursor para detalles
Inputs por minuto
— Wings - - MattyP
Build order — Wings
Primeras 150 de 515 acciones detectadas
| 0:00 | Crear | Villager (Male) |
| 0:00 | Crear | Villager (Male) |
| 0:01 | Construir | House |
| 0:02 | Construir | House |
| 0:11 | Crear | Villager (Male) |
| 0:28 | Crear | Villager (Male) |
| 1:02 | Crear | Villager (Male) |
| 1:27 | Crear | Villager (Male) |
| 1:50 | Construir | Lumber Camp |
| 2:02 | Crear | Villager (Male) |
| 2:15 | Crear | Villager (Male) |
| 2:49 | Crear | Villager (Male) |
| 3:04 | Crear | Villager (Male) |
| 3:49 | Construir | House |
| 3:51 | Crear | Villager (Male) |
| 4:22 | Crear | Villager (Male) |
| 4:26 | Construir | Mill |
| 4:45 | Crear | Villager (Male) |
| 5:18 | Crear | Villager (Male) |
| 5:35 | Crear | Villager (Male) |
| 5:35 | Investigar | Loom |
| 6:20 | Investigar | Feudal Age |
| 7:10 | Construir | Barracks |
| 7:14 | Construir | House |
| 7:19 | Crear | Villager (Male) |
| 8:07 | Construir | Mining Camp |
| 8:30 | Edad | Edad Feudal |
| 8:34 | Construir | Archery Range |
| 8:38 | Crear | Villager (Male) |
| 8:48 | Investigar | Double-Bit Axe |
| 9:06 | Crear | Villager (Male) |
| 9:11 | Construir | House |
| 9:22 | Crear | Villager (Male) |
| 9:30 | Crear | Archer |
| 9:43 | Construir | Palisade Wall |
| 9:45 | Crear | Archer |
| 9:55 | Crear | Villager (Male) |
| 10:03 | Construir | House |
| 10:10 | Construir | Palisade Wall |
| 10:13 | Crear | Villager (Male) |
| 10:13 | Crear | Archer |
| 10:18 | Construir | Farm |
| 10:19 | Construir | Farm |
| 10:25 | Crear | Villager (Male) |
| 10:39 | Construir | Farm |
| 10:50 | Construir | Palisade Wall |
| 10:54 | Crear | Archer |
| 11:01 | Construir | Farm |
| 11:03 | Crear | Villager (Male) |
| 11:07 | Crear | Archer |
| 11:17 | Construir | Farm |
| 11:26 | Crear | Villager (Male) |
| 11:29 | Crear | Archer |
| 11:45 | Construir | Farm |
| 12:05 | Construir | Farm |
| 12:08 | Crear | Villager (Male) |
| 12:13 | Construir | Farm |
| 12:21 | Construir | Palisade Wall |
| 12:24 | Crear | Villager (Male) |
| 12:35 | Construir | House |
| 12:36 | Construir | Palisade Wall |
| 12:40 | Crear | Archer |
| 12:50 | Crear | Villager (Male) |
| 12:54 | Construir | Farm |
| 13:02 | Construir | House |
| 13:04 | Crear | Villager (Male) |
| 13:08 | Crear | Villager (Male) |
| 13:13 | Crear | Archer |
| 13:24 | Crear | Villager (Male) |
| 13:38 | Crear | Villager (Male) |
| 13:57 | Construir | Blacksmith |
| 14:01 | Crear | Villager (Male) |
| 14:07 | Construir | Farm |
| 14:42 | Investigar | Fletching |
| 14:47 | Crear | Villager (Male) |
| 14:53 | Construir | House |
| 15:10 | Crear | Archer |
| 15:15 | Crear | Villager (Male) |
| 15:21 | Crear | Villager (Male) |
| 15:24 | Construir | Farm |
| 15:35 | Crear | Villager (Male) |
| 15:37 | Construir | House |
| 15:38 | Crear | Archer |
| 15:42 | Construir | Farm |
| 15:44 | Construir | Farm |
| 15:45 | Crear | Archer |
| 16:09 | Construir | Palisade Wall |
| 16:12 | Crear | Villager (Male) |
| 16:16 | Crear | Archer |
| 16:48 | Investigar | Castle Age |
| 16:49 | Crear | Archer |
| 17:01 | Construir | Building 796 |
| 17:02 | Construir | Archery Range |
| 17:05 | Crear | Archer |
| 17:18 | Crear | Villager (Male) |
| 17:27 | Crear | Villager (Male) |
| 17:29 | Crear | Archer |
| 17:33 | Crear | Archer |
| 17:58 | Construir | House |
| 18:04 | Crear | Archer |
| 18:06 | Crear | Archer |
| 18:13 | Construir | Palisade Wall |
| 18:22 | Construir | Lumber Camp |
| 18:28 | Crear | Archer |
| 18:37 | Investigar | Horse Collar |
| 19:23 | Construir | Farm |
| 19:24 | Crear | Archer |
| 19:28 | Edad | Edad de los Castillos |
| 19:30 | Investigar | Crossbowman (upgrade) |
| 19:35 | Investigar | Bodkin Arrow |
| 19:38 | Construir | Farm |
| 19:47 | Crear | Archer |
| 19:48 | Crear | Archer |
| 19:54 | Crear | Villager (Male) |
| 20:03 | Construir | Farm |
| 20:07 | Crear | Villager (Male) |
| 20:08 | Crear | Archer |
| 20:10 | Crear | Villager (Male) |
| 20:17 | Crear | Villager (Male) |
| 20:18 | Construir | Farm |
| 20:20 | Crear | Archer |
| 20:42 | Crear | Archer |
| 20:53 | Construir | Farm |
| 21:00 | Crear | Archer |
| 21:16 | Investigar | Gold Mining |
| 21:17 | Crear | Archer |
| 21:31 | Construir | Farm |
| 21:36 | Construir | House |
| 21:37 | Crear | Archer |
| 21:41 | Construir | Farm |
| 21:48 | Crear | Archer |
| 21:51 | Construir | Farm |
| 21:59 | Construir | House |
| 22:01 | Crear | Villager (Male) |
| 22:07 | Crear | Archer |
| 22:11 | Crear | Archer |
| 22:25 | Construir | House |
| 22:28 | Crear | Archer |
| 22:32 | Investigar | Bow Saw |
| 22:55 | Crear | Villager (Male) |
| 22:59 | Crear | Archer |
| 23:06 | Crear | Villager (Male) |
| 23:06 | Crear | Archer |
| 23:17 | Crear | Archer |
| 23:19 | Crear | Villager (Male) |
| 23:21 | Construir | Town Center |
| 23:43 | Crear | Archer |
| 23:59 | Crear | Archer |
| 24:04 | Crear | Villager (Male) |
| 24:09 | Crear | Villager (Male) |
Build order — MattyP
Primeras 150 de 583 acciones detectadas
| 0:00 | Crear | Villager (Male) |
| 0:01 | Crear | Villager (Male) |
| 0:01 | Crear | Villager (Male) |
| 0:02 | Construir | House |
| 0:03 | Construir | House |
| 0:09 | Crear | Villager (Male) |
| 0:09 | Crear | Villager (Male) |
| 1:24 | Crear | Villager (Male) |
| 1:24 | Crear | Villager (Male) |
| 1:51 | Construir | Lumber Camp |
| 1:59 | Crear | Villager (Male) |
| 1:59 | Crear | Villager (Male) |
| 2:20 | Crear | Villager (Male) |
| 2:20 | Crear | Villager (Male) |
| 2:50 | Crear | Villager (Male) |
| 2:51 | Crear | Villager (Male) |
| 3:01 | Crear | Villager (Male) |
| 3:32 | Crear | Villager (Male) |
| 4:00 | Construir | House |
| 4:02 | Construir | House |
| 4:05 | Crear | Villager (Male) |
| 4:33 | Crear | Villager (Male) |
| 4:44 | Crear | Villager (Male) |
| 5:21 | Crear | Villager (Male) |
| 5:25 | Construir | Barracks |
| 5:49 | Crear | Villager (Male) |
| 6:18 | Investigar | Loom |
| 6:32 | Construir | Mining Camp |
| 6:44 | Crear | Villager (Male) |
| 7:12 | Investigar | Feudal Age |
| 7:45 | Construir | Lumber Camp |
| 7:46 | Crear | Villager (Male) |
| 8:06 | Crear | Villager (Male) |
| 8:28 | Construir | Mill |
| 9:22 | Edad | Edad Feudal |
| 9:23 | Construir | Archery Range |
| 9:24 | Crear | Spearman |
| 9:25 | Crear | Villager (Male) |
| 9:28 | Investigar | Double-Bit Axe |
| 9:33 | Construir | Farm |
| 9:37 | Crear | Villager (Male) |
| 9:43 | Construir | House |
| 9:56 | Crear | Spearman |
| 9:59 | Construir | House |
| 10:04 | Crear | Archer |
| 10:05 | Crear | Spearman |
| 10:13 | Construir | Palisade Wall |
| 10:21 | Construir | Palisade Wall |
| 10:23 | Construir | Palisade Wall |
| 10:29 | Construir | Palisade Wall |
| 10:30 | Construir | Palisade Wall |
| 10:35 | Construir | Farm |
| 10:36 | Construir | Farm |
| 10:41 | Crear | Archer |
| 10:45 | Crear | Villager (Male) |
| 10:45 | Crear | Villager (Male) |
| 10:51 | Construir | Palisade Wall |
| 10:53 | Construir | Palisade Wall |
| 10:58 | Crear | Archer |
| 11:01 | Construir | Farm |
| 11:06 | Construir | Palisade Wall |
| 11:09 | Construir | Palisade Wall |
| 11:21 | Crear | Villager (Male) |
| 11:25 | Construir | House |
| 11:27 | Construir | Palisade Wall |
| 11:30 | Construir | Palisade Wall |
| 11:31 | Construir | Palisade Wall |
| 11:33 | Crear | Archer |
| 11:48 | Crear | Villager (Male) |
| 11:48 | Crear | Villager (Male) |
| 11:54 | Crear | Archer |
| 12:10 | Construir | Blacksmith |
| 12:11 | Crear | Villager (Male) |
| 12:26 | Construir | Farm |
| 12:27 | Crear | Villager (Male) |
| 12:56 | Crear | Villager (Male) |
| 13:04 | Construir | Farm |
| 13:05 | Construir | Farm |
| 13:06 | Crear | Villager (Male) |
| 13:13 | Construir | House |
| 13:17 | Construir | Palisade Gate |
| 13:19 | Construir | Palisade Wall |
| 13:28 | Construir | Farm |
| 13:42 | Investigar | Fletching |
| 13:46 | Construir | Palisade Wall |
| 13:53 | Crear | Villager (Male) |
| 13:56 | Construir | Farm |
| 14:29 | Crear | Villager (Male) |
| 14:43 | Crear | Villager (Male) |
| 14:43 | Crear | Archer |
| 14:43 | Crear | Archer |
| 14:51 | Investigar | Padded Archer Armor |
| 15:06 | Construir | Archery Range |
| 15:10 | Crear | Villager (Male) |
| 15:11 | Crear | Archer |
| 15:14 | Construir | Farm |
| 15:15 | Construir | Farm |
| 15:21 | Construir | Farm |
| 15:33 | Crear | Archer |
| 15:34 | Crear | Villager (Male) |
| 15:47 | Crear | Villager (Male) |
| 15:52 | Construir | Farm |
| 15:53 | Construir | Farm |
| 15:55 | Crear | Archer |
| 15:57 | Construir | House |
| 16:00 | Crear | Archer |
| 16:10 | Crear | Villager (Male) |
| 16:16 | Crear | Villager (Male) |
| 16:28 | Crear | Archer |
| 16:36 | Crear | Villager (Male) |
| 16:44 | Construir | Archery Range |
| 16:50 | Crear | Villager (Male) |
| 17:00 | Crear | Archer |
| 17:08 | Crear | Archer |
| 17:10 | Crear | Villager (Male) |
| 17:20 | Crear | Villager (Male) |
| 17:30 | Crear | Villager (Male) |
| 17:38 | Construir | Market |
| 17:40 | Crear | Archer |
| 17:42 | Crear | Villager (Male) |
| 17:59 | Crear | Villager (Male) |
| 18:25 | Investigar | Castle Age |
| 18:25 | Investigar | Castle Age |
| 18:27 | Crear | Archer |
| 18:27 | Crear | Archer |
| 18:33 | Construir | Palisade Wall |
| 18:53 | Crear | Archer |
| 18:53 | Crear | Archer |
| 18:57 | Construir | House |
| 18:58 | Construir | House |
| 19:06 | Crear | Archer |
| 19:07 | Crear | Archer |
| 19:08 | Crear | Villager (Male) |
| 19:12 | Construir | House |
| 19:18 | Crear | Archer |
| 19:18 | Crear | Archer |
| 19:20 | Crear | Villager (Male) |
| 20:03 | Construir | Mining Camp |
| 20:15 | Crear | Archer |
| 20:15 | Crear | Archer |
| 20:16 | Crear | Archer |
| 20:17 | Crear | Archer |
| 20:17 | Crear | Archer |
| 20:44 | Crear | Archer |
| 21:05 | Edad | Edad de los Castillos |
| 21:05 | Construir | House |
| 21:10 | Investigar | Crossbowman (upgrade) |
| 21:12 | Crear | Villager (Male) |
| 21:14 | Construir | University |
| 21:17 | Construir | Siege Workshop |
Cronología de la partida
| 5:25 | MattyP · first_building Barracks |
| 7:10 | Wings · first_building Barracks |
| 8:30 | Wings · age_up feudal |
| 8:34 | Wings · first_building Archery Range |
| 9:22 | MattyP · age_up feudal |
| 9:23 | MattyP · first_building Archery Range |
| 9:43 | Wings · wall_segment Palisade Wall x6 |
| 10:10 | Wings · wall_segment Palisade Wall x1 |
| 10:13 | MattyP · wall_segment Palisade Wall x1 |
| 10:21 | MattyP · wall_segment Palisade Wall x5 |
| 10:23 | MattyP · wall_segment Palisade Wall x2 |
| 10:29 | MattyP · wall_segment Palisade Wall x1 |
| 10:30 | MattyP · wall_segment Palisade Wall x1 |
| 10:50 | Wings · wall_segment Palisade Wall x10 |
| 10:51 | MattyP · wall_segment Palisade Wall x5 |
| 10:53 | MattyP · wall_segment Palisade Wall x3 |
| 11:06 | MattyP · wall_segment Palisade Wall x1 |
| 11:09 | MattyP · wall_segment Palisade Wall x1 |
| 11:27 | MattyP · wall_segment Palisade Wall x9 |
| 11:30 | MattyP · wall_segment Palisade Wall x1 |
| 11:31 | MattyP · wall_segment Palisade Wall x1 |
| 12:21 | Wings · wall_segment Palisade Wall x14 |
| 12:36 | Wings · wall_segment Palisade Wall x6 |
| 13:19 | MattyP · wall_segment Palisade Wall x1 |
| 13:46 | MattyP · wall_segment Palisade Wall x1 |
| 16:09 | Wings · wall_segment Palisade Wall x9 |
| 18:13 | Wings · wall_segment Palisade Wall x15 |
| 18:33 | MattyP · wall_segment Palisade Wall x1 |
| 19:28 | Wings · age_up castle |
| 21:05 | MattyP · age_up castle |
| 21:17 | MattyP · first_building Siege Workshop |
| 24:16 | Wings · first_building Siege Workshop |
| 24:47 | MattyP · first_market_sell 100 food |
| 25:49 | MattyP · first_building Monastery |
| 31:11 | MattyP · first_market_buy 100 food |
| 31:57 | Wings · first_building Castle |
| 33:19 | MattyP · first_building Castle |
| 38:03 | MattyP · wall_segment Stone Wall x1 |
| 38:06 | MattyP · wall_segment Stone Wall x2 |
| 38:16 | Wings · first_market_sell 100 wood |
| 38:17 | Wings · first_market_buy 100 food |
| 40:20 | MattyP · age_up imperial |
| 41:37 | Wings · age_up imperial |
| 47:08 | Wings · first_building Stable |
| 47:14 | MattyP · resign |
[ ANÁLISIS IA · 1 CRÉDITO ]
¿Qué pasó realmente en esta partida?
Wolo.gg analiza cada decisión: build order, eco, micro, errores típicos por bracket. Análisis personalizado por WhatsApp o Discord en 30 segundos.
Guía civ
Indostaníes
Perfil
Jugador #4471309